 Dungeon Crawl Stone Soup version 0.25-a0-591-g2ad0d86 (webtiles) character file.

Game seed: 6471683562244483709, levelgen mode: deterministic

130264 BlueFish the Tortoise (level 16, -3/151 HPs)
             Began as a Minotaur Fighter on Mar 13, 2020.
             Was an Elder of Yredelemnul.
             Drowned by a drowned soul (11 damage)
             ... summoned by a merfolk avatar
             ... on level 4 of the Shoals.
             The game lasted 01:26:44 (34849 turns).

BlueFish the Tortoise (Minotaur Fighter)           Turns: 34849, Time: 01:26:45

Health: -3/151     AC: 27    Str: 22    XL:     16   Next: 52%
Magic:  25/25      EV: 10    Int:  5    God:    Yredelemnul [****..]
Gold:   1886       SH:  6    Dex: 14    Spells: 15/15 levels left

rFire    . . .     SeeInvis .   a - +2 falchion (vorpal)
rCold    . . .     Gourm    +   e - +0 buckler {reflect}
rNeg     + . .     Faith    .   t - +0 storm dragon scales
rPois    +         Spirit   .   M - +1 hat
rElec    +         Reflect  +   V - +1 cloak {MR+}
rCorr    .         Harm     .   R - +0 pair of gloves
MR       ++...                  y - +1 pair of boots
Stlth    ..........             D - amulet of the gourmand
HPRegen  0.35/turn              k - ring of poison resistance
MPRegen  0.19/turn              G - ring of positive energy

@: mesmerised, very slow
A: retaliatory headbutt, horns 2, clumsy 1
a: Recall Undead Slaves, Injury Mirror, Animate Dead, Drain Life, Renounce
Religion


You were on level 4 of the Shoals.
You worshipped Yredelemnul.
Yredelemnul was greatly pleased with you.
You were very full.

You visited 6 branches of the dungeon, and saw 29 of its levels.
You also visited: Gauntlet.

You collected 2865 gold pieces.
You spent 979 gold pieces at shops.

Inventory:

Hand Weapons
 a - a +2 vorpal falchion (weapon)
 b - a +0 dagger of freezing
 i - a +1 long sword
 K - a +1 scimitar of flaming
Armour
 c - a +0 kite shield
 e - a +0 buckler of reflection (worn)
 t - +0 storm dragon scales (worn)
 y - a +1 pair of boots (worn)
 M - a +1 hat (worn)
 R - a +0 pair of gloves (worn)
 V - a +1 cloak of magic resistance (worn)
Jewellery
 k - a ring of poison resistance (left hand)
 r - an uncursed amulet of the acrobat
 v - an uncursed ring of flight
 D - an amulet of the gourmand (around neck)
 G - a ring of positive energy (right hand)
 I - a +5 ring of evasion
 J - an uncursed ring of magical power
 L - a +2 ring of strength
 O - a +1 ring of protection
Wands
 B - a wand of random effects (9)
Scrolls
 g - 5 scrolls of fog
 l - a scroll of identify
 n - 2 scrolls of torment
 q - a scroll of brand weapon {unknown}
 u - 3 scrolls of blinking
 x - 3 scrolls of amnesia
 z - 3 scrolls of enchant weapon
 A - 2 scrolls of enchant armour
 C - a scroll of acquirement {unknown}
 E - 17 scrolls of remove curse
 H - a scroll of teleportation
 Q - 3 scrolls of vulnerability
 T - a scroll of magic mapping
Potions
 d - a potion of magic {unknown}
 h - 8 potions of lignification
 j - 2 potions of cancellation
 m - a potion of resistance
 p - 2 potions of mutation
 s - 7 potions of stabbing
 w - 5 potions of flight
 F - a potion of invisibility
 P - a potion of might
Comestibles
 f - 38 rations


   Skills:
 * Level 15.9 Fighting
 + Level 1.3(10.6) Short Blades
 * Level 16.8(16.9) Long Blades
 + Level 19.0 Armour
 * Level 3.1 Dodging
 * Level 8.5 Shields
 * Level 13.5 Invocations


You had 15 spell levels left.
You didn't know any spells.
Your spell library contained the following spells:

 Spells                   Type           Power        Failure   Level  Hunger
 Animate Skeleton         Necr           N/A          90%         1    ##.....
 Apportation              Tloc           #.....       90%         1    ##.....
 Corona                   Hex            #......      90%         1    ##.....
 Freeze                   Ice            #...         90%         1    ##.....
 Shock                    Conj/Air       #...         90%         1    ##.....
 Summon Butterflies       Summ           #.......     90%         1    ##.....
 Summon Small Mammal      Summ           #...         90%         1    ##.....
 Call Imp                 Summ           #.......     97%         2    ###....
 Ensorcelled Hibernation  Hex/Ice        #.....       97%         2    ###....
 Swiftness                Chrm/Air       #.......     97%         2    ###....
 Call Canine Familiar     Summ           #.......     99%         3    ####...
 Confusing Touch          Hex            #.......     99%         3    ####...
 Dazzling Flash           Conj/Hex       #.....       99%         3    ####...
 Frozen Ramparts          Ice            #.....       99%         3    ####...
 Gell's Gravitas          Tloc           #.........   99%         3    ####...
 Ozocubu's Armour         Chrm/Ice       #.......     99%         3    ####...
 Portal Projectile        Hex/Tloc       #.....       99%         3    ####...
 Static Discharge         Conj/Air       #.......     99%         3    ####...
 Summon Guardian Golem    Hex/Summ       #.......     99%         3    ####...
 Tukima's Dance           Hex            #.......     99%         3    ####...
 Airstrike                Air            #.........   100%        4    #####..
 Hailstorm                Conj/Ice       #.......     100%        4    #####..
 Summon Ice Beast         Ice/Summ       #.......     100%        4    #####..
 Summon Lightning Spire   Summ/Air       #.......     100%        4    #####..
 Lightning Bolt           Conj/Air       #.........   100%        5    ######.
 Summon Mana Viper        Hex/Summ       #.......     100%        5    ######.
 Dispersal                Tloc           #.........   100%        6    #######
 Summon Hydra             Summ           #.........   100%        7    #######
 Controlled Blink         Tloc           N/A          100%        8    #######
 Disjunction              Tloc           #.........   100%        8    #######


Dungeon Overview and Level Annotations

Branches:
Dungeon (15/15)            Temple (1/1) D:6            Lair (6/6) D:10
 Shoals (4/4) Lair:2       Spider (1/4) Lair:3        Slime (0/5) Lair:6
    Orc (2/2) D:9             Elf (0/3) Orc:2        Vaults (0/5) D:13
 Depths (0/5) D:15        Gauntlet (visited)

Altars:
Ashenzari
Cheibriados
Dithmenos
Elyvilon
Fedhas
Gozag
Hepliaklqana
Kikubaaqudgha
Makhleb
Nemelex Xobeh
Okawaru
Qazlal
Ru
Sif Muna
Trog
Uskayaw
Vehumet
Wu Jian
Xom
Yredelemnul
Zin
The Shining One

Shops:
D:8 *   D:11 }   D:14 }=[   Orc:2 (=[:

Portals:
Trove: D:11 (give 14 potions of heal wounds)

Annotations:
Lair:2 exclusion: 3 oklob plants
Lair:6 2 runed translucent doors
Shoals:2 2 transporters


Innate Abilities, Weirdness & Mutations

You reflexively headbutt those who attack you in melee.
You have a pair of horns on your head.
You are clumsy. (Dex -2)


Message History

Your vampire knight is no longer moving quickly.
Your ghoul splashes around in the water.
Your ghoul claws the drowned soul!
Your ghoul closely misses the drowned soul.
Your ghoul misses the drowned soul.
You swap places.
Your ghoul splashes around in the water.
Your ghoul claws the drowned soul!!
The drowned soul is destroyed!
The merfolk avatar shouts!
The drowned soul touches your dream sheep zombie.
As you read the scroll of fog, it crumbles to dust.
The scroll dissolves into smoke.
The merfolk avatar shouts!
Your vampire knight gestures at the merfolk avatar while chanting.
The merfolk avatar resists with almost no effort.
Your dream sheep zombie bites the drowned soul.
The drowned soul touches you. The drowned soul drowns you!
You die...
Your body rises from the dead as a mindless zombie.

≈≈≈≈≈≈≈≈≈≈≈≈≈≈#≈≈#≈..≈##≈≈≈≈...≈≈
≈≈≈≈≈≈≈≈≈).(...#)≈..≈##...(≈....≈
(≈≈≈≈≈≈≈≈(†..(..######..##.......
≈≈≈≈≈≈≈.(...(..(.≈............≈..
≈!≈≈≈≈≈).(.....(......#.Z.≈......
≈≈≈≈≈≈≈((.(...........#.........#
≈≈≈≈≈≈...(.......≈.....≈≈≈.).≈..#
≈≈≈≈≈≈..)).(((.§§§≈...≈≈≈≈≈≈)≈..#
≈≈≈≈≈≈≈........§@§≈≈≈≈≈≈≈≈≈≈.[..)
≈≈≈≈≈≈≈........§§≈≈Z≈≈≈≈≈≈≈≈..)..
≈≈≈≈≈≈≈.######.≈ZW≈≈W≈≈≈≈≈≈≈≈....
≈≈≈≈≈≈≈.# #..≈≈≈≈≈≈≈≈≈≈≈≈≈≈≈)..
≈≈≈≈≈≈≈≈.......≈nV≈≈≈≈≈≈≈..≈≈≈..#
≈≈≈≈≈≈≈≈≈.../≈≈≈≈≈≈≈≈≈≈≈≈≈..≈≈..#
≈≈≈≈≈≈≈......≈≈≈≈≈≈≈≈≈≈m≈........
≈≈≈≈≈≈..###...≈≈≈≈≈≈≈≈≈≈≈..≈....<
≈≈≈≈≈≈/ #..≈≈≈≈≈≈≈≈≈..≈≈≈≈≈....


You could see a merfolk avatar (wandering), 2 drowned souls, a friendly ghoul, a
friendly vampire knight (invisible) and 2 friendly dream sheep zombies.

Vanquished Creatures
  A sphinx (D:15)
  A storm dragon (D:15)
  An orc warlord (Orc:2)
  A dire elephant (Lair:6)
  A minotaur (Gauntlet)
  An ettin (D:15)
  3 merfolk impalers
  Josephine (Lair:5)
  A merfolk javelineer (Shoals:2)
  A death ooze (Gauntlet)
  3 vault guards (D:13)
  3 catoblepae
  An alligator snapping turtle (Shoals:3)
  7 hydras
  3 centaur warriors
  5 two-headed ogres
  A satyr (Shoals:4)
  3 tengu warriors
  A death knight (D:15)
  3 death yaks
  3 orc high priests (Orc:2)
  3 unseen horrors
  8 sea snakes
  A flayed ghost (D:14)
  A deep elf archer (D:15)
  A wizard (D:14)
  5 orc knights
  2 harpies
  A lindwurm (Lair:6)
  2 deep elf magi (D:15)
  Pikel (D:7)
  An orb spider (shapeshifter) (D:15)
  A mana viper (shapeshifter) (D:15)
  4 orc sorcerers (Orc:2)
  6 ugly things
  2 centaur zombies
  2 elephants (Lair:6)
  6 manticores
  2 fauns (Shoals:4)
  6 cyclopes
  A black mamba (shapeshifter) (D:15)
  7 black mambas
  3 merfolk sirens
  An eye of devastation (shapeshifter) (D:15)
  2 torpor snails (Lair:3)
  3 spiny frogs
  3 rime drakes
  A rime drake (shapeshifter) (D:15)
  5 komodo dragons
  2 kobold demonologists
  A freezing wraith (D:15)
  An efreet (D:14)
  A polar bear (Lair:6)
  14 merfolk
  9 trolls
  A tyrant leech (Gauntlet)
  3 dream sheep (Shoals:4)
  3 slime creatures
  4 snapping turtles
  4 hornets
  8 blink frogs
  10 hippogriffs
  A vampire (D:10)
  2 tarantellas (Spider:1)
  2 shadows
  2 redbacks
  3 wraiths
  28 yaks
  A basilisk (Lair:6)
  12 wyverns
  4 water elementals
  Eustachio (D:6)
  2 hungry ghosts
  A vampire mosquito (D:15)
  The ghost of flotson the Sneak, an amateur OpAs (D:3)
  2 swamp worms (Gauntlet)
  4 wargs
  13 water moccasins
  An acid dragon (D:15)
  3 hell hounds (Lair:6)
  5 porcupines
  Duvessa (D:4)
  6 ice beasts
  A necrophage (D:10)
  20 orc warriors
  3 sky beasts
  A slave (D:7)
  3 phantoms
  11 ogres
  17 wolves
  13 centaurs
  5 crocodiles
  Blork the orc (D:4)
  12 bullfrogs
  5 big kobolds
  A gnoll sergeant (D:7)
  Dowan (D:4)
  A water moccasin zombie (D:8)
  A wyvern skeleton (D:12)
  2 scorpions
  3 wights
  8 crimson imps
  3 lava snakes (Lair:6)
  A quasit (D:12)
  Crazy Yiuf (D:4)
  18 orc priests
  3 hounds
  3 jellies
  3 bullfrog skeletons
  3 centaur skeletons
  19 orc wizards
  A gnoll shaman (D:6)
  An iguana (D:10)
  Natasha (thrice) (D:4)
  10 worker ants
  A hound zombie (D:5)
  3 hound skeletons
  Robin (D:3)
  15 gnolls
  A worker ant zombie (D:10)
  16 adders
  A river rat (D:10)
  5 shadow imps
  6 worms
  2 dart slugs (D:1)
  6 leopard geckos
  62 orcs
  6 bats
  9 giant cockroaches
  14 goblins
  19 hobgoblins
  12 jackals
  8 quokkas
  A ball python (D:1)
  4 frilled lizards
  18 kobolds
  An orc zombie (Orc:2)
  10 rats
  A plant (Lair:4)
682 creatures vanquished.

Vanquished Creatures (collateral kills)
  Jorgrun (D:13)
  A sphinx (D:15)
  A frost giant (shapeshifter) (D:15)
  The ghost of Pooter the Cleaver, a journeyman MiBe of Trog (Lair:6)
  A merfolk javelineer (Shoals:3)
  A merfolk impaler (Shoals:3)
  A yaktaur captain (D:15)
  4 hydras
  A merfolk avatar (Shoals:3)
  5 vault guards (D:13)
  4 merfolk aquamancers
  A two-headed ogre (D:14)
  5 satyrs
  A tengu warrior (D:15)
  An orc high priest (Orc:2)
  A glowing orange brain (D:15)
  7 sea snakes
  A lindwurm (Lair:6)
  3 orc knights (Orc:2)
  A wizard (D:15)
  5 ugly things
  4 harpies
  A deep elf mage (D:12)
  7 fauns
  A cyclops (Shoals:4)
  2 manticores
  4 merfolk sirens
  2 elephants (Lair:6)
  5 black mambas (Lair:6)
  4 water nymphs
  4 centaur skeletons
  A torpor snail (Lair:3)
  2 molten gargoyles (Lair:6)
  A gargoyle (D:15)
  A spiny frog (Lair:1)
  A yaktaur (D:15)
  Maggie (D:9)
  5 komodo dragons
  A demonic crawler (Lair:3)
  A rime drake (Lair:6)
  10 merfolk
  A wind drake (Shoals:2)
  A hornet (D:9)
  3 trolls
  5 blink frogs
  5 snapping turtles
  5 dream sheep
  7 slime creatures
  5 hippogriffs
  2 shadows
  7 water elementals
  2 wraiths (Lair:5)
  3 wyverns (Lair:6)
  9 yaks
  A yak (shapeshifter) (D:15)
  A basilisk (Lair:6)
  A steam dragon (Lair:6)
  A warg (Orc:1)
  A soldier ant (D:15)
  An acid dragon (D:15)
  2 hell hounds (Lair:6)
  7 orc warriors
  An eye of draining (D:14)
  A necrophage (D:15)
  6 wolves
  An ogre (Orc:2)
  3 crocodiles
  3 centaurs
  3 big kobolds
  4 bullfrogs
  4 wights
  2 lava snakes (Lair:6)
  A crimson imp (D:15)
  A bullfrog zombie (D:12)
  2 orc priests (Orc:2)
  3 orc wizards
  A hell rat (D:10)
  3 worker ants
  A gnoll (Orc:1)
  A shadow imp (D:15)
  18 orcs
  A jackal (D:9)
  2 kobolds
  49 fungi
  49 plants
335 creatures vanquished.

Vanquished Creatures (others)
  A merfolk avatar (Shoals:2)
  4 skeletal warriors
  A flayed ghost (Shoals:2)
  2 phantasmal warriors
  A faun (Shoals:2)
  A manticore (Shoals:2)
  A sea snake zombie (Shoals:2)
  A swamp worm zombie (Gauntlet)
  A harpy zombie (Shoals:3)
  A merfolk (Shoals:4)
  A hydra zombie (Lair:6)
  A harpy skeleton (Shoals:3)
  A satyr zombie (Shoals:3)
  4 black mamba zombies (Lair:6)
  13 flying skulls
  3 vampires
  A wind drake skeleton (Shoals:2)
  5 merfolk zombies
  A tengu zombie (D:15)
  2 faun zombies
  A snapping turtle zombie (Shoals:3)
  3 hornet zombies
  A blink frog zombie (Lair:3)
  7 merfolk skeletons
  2 manticore zombies (Shoals:2)
  A blink frog skeleton (Lair:6)
  2 hippogriff zombies
  2 hell hound zombies (Lair:6)
  2 hippogriff skeletons (D:9)
  A cyclops zombie (D:13)
  2 komodo dragon skeletons (Lair:6)
  A water moccasin zombie (Lair:3)
  A wyvern skeleton (Lair:6)
  A warg zombie (Orc:2)
  2 warg skeletons (Orc:2)
  6 yak zombies
  A troll zombie (Orc:2)
  5 wolf zombies
  A bullfrog zombie (D:15)
  4 centaur zombies
  A bullfrog skeleton (D:15)
  A porcupine zombie (Lair:2)
  A porcupine skeleton (Lair:2)
  An ogre zombie (Orc:2)
  3 mummies (Lair:6)
  A crocodile skeleton (Lair:6)
  A scorpion zombie (D:14)
  A shadow imp (D:15)
  A jackal skeleton (D:9)
  A leopard gecko zombie (D:10)
  3 orc skeletons
  14 orc zombies
  A quokka skeleton (D:10)
  2 quokka zombies (D:10)
  2 rat skeletons (D:10)
  11 fungi
  13 plants
150 creatures vanquished.

Grand Total: 1167 creatures vanquished

Notes
Turn   | Place    | Note
-------+----------+-------------------------------------------
     0 | D:1      | BlueFish the Minotaur Fighter began the quest for the Orb.
     0 | D:1      | Reached XP level 1. HP: 19/19 MP: 0/0
   238 | D:1      | Reached XP level 2. HP: 26/27 MP: 1/1
   299 | D:1      | Reached skill level 4 in Armour
   497 | D:1      | Reached XP level 3. HP: 33/33 MP: 2/2
   806 | D:2      | Reached XP level 4. HP: 31/40 MP: 3/3
   966 | D:2      | You fall into a shaft and drop 2 floors!
  1214 | D:4      | Noticed Dowan
  1308 | D:3      | Reached XP level 5. HP: 45/47 MP: 4/4
  1349 | D:3      | Found a runed translucent gate.
  1349 | D:3      | Noticed flotson's ghost (amateur OpAs)
  1350 | D:3      | Found a runed translucent gate.
  1351 | D:3      | Found a runed translucent gate.
  1351 | D:3      | Identified the +5 whip of Zajeig {drain, rPois rN+}
  1358 | D:3      | Noticed Robin
  1777 | D:2      | Reached skill level 5 in Long Blades
  2255 | D:3      | Killed Robin
  2318 | D:3      | Found a faded altar of an unknown god.
  2861 | D:3      | Reached skill level 5 in Armour
  2861 | D:3      | Reached XP level 6. HP: 54/55 MP: 5/5
  2866 | D:3      | Killed flotson's ghost
  2866 | D:3      | Reached skill level 5 in Fighting
  3148 | D:3      | Reached XP level 7. HP: 24/61 MP: 6/6
  3506 | D:4      | Found a burning altar of Makhleb.
  3561 | D:4      | Noticed Duvessa
  3573 | D:4      | Killed Duvessa
  3573 | D:4      | Reached skill level 6 in Armour
  3582 | D:4      | Killed Dowan
  3583 | D:4      | Found a sacrificial altar of Ru.
  3740 | D:4      | Noticed Natasha
  3742 | D:4      | Killed Natasha
  3850 | D:4      | Found a runed translucent door.
  3851 | D:4      | Noticed Crazy Yiuf
  3857 | D:4      | Killed Crazy Yiuf
  3910 | D:4      | Noticed Blork the orc
  3928 | D:4      | Killed Blork the orc
  3993 | D:4      | Noticed Natasha
  3999 | D:4      | Killed Natasha
  4228 | D:4      | Noticed Natasha
  4236 | D:4      | Killed Natasha
  4243 | D:5      | Entered Level 5 of the Dungeon
  4266 | D:5      | Reached XP level 8. HP: 70/70 MP: 7/7
  4400 | D:5      | Reached skill level 7 in Armour
  5062 | D:6      | Noticed Eustachio
  5120 | D:5      | Reached skill level 8 in Armour
  5432 | D:6      | Reached skill level 10 in Long Blades
  5436 | D:6      | Found a staircase to the Ecumenical Temple.
  5443 | Temple   | Entered the Ecumenical Temple
  5499 | Temple   | Became a worshipper of Yredelemnul the Dark
  5676 | D:6      | Reached XP level 9. HP: 79/79 MP: 8/8
  5698 | D:6      | Reached skill level 9 in Armour
  5800 | D:6      | Noticed a troll
  5815 | D:6      | Found a hide-covered altar of Uskayaw.
  5853 | D:7      | Killed a troll
  6033 | D:7      | Noticed Pikel
  6067 | D:6      | Reached skill level 1 in Invocations
  6202 | D:6      | Killed Eustachio
  6769 | D:7      | Killed Pikel
  7174 | D:7      | Reached skill level 10 in Armour
  7695 | D:8      | Found an opulent altar of Gozag.
  7695 | D:8      | Found Gozag's Platinum Reserve.
  7864 | D:8      | Reached * piety under Yredelemnul
  7986 | D:9      | Reached XP level 10. HP: 90/90 MP: 10/10
  8063 | D:9      | Found a staircase to the Orcish Mines.
  8218 | D:9      | Noticed Maggie
  8236 | D:9      | Killed Maggie
  8932 | D:10     | Entered Level 10 of the Dungeon
  9036 | D:10     | Reached ** piety under Yredelemnul
  9100 | D:10     | Killed an unseen horror
  9212 | D:10     | Reached skill level 11 in Armour
  9217 | D:10     | Noticed a death yak
  9223 | D:10     | Noticed a death yak
  9224 | D:10     | Noticed a death yak
  9282 | D:9      | Killed a death yak
  9849 | D:10     | Found a staircase to the Lair.
 10088 | D:10     | Reached XP level 11. HP: 94/99 MP: 13/13
 10100 | D:10     | Noticed a two-headed ogre
 10116 | D:10     | Killed a two-headed ogre
 10179 | D:10     | Found a blossoming altar of Fedhas.
 10291 | D:10     | Killed a death yak
 10302 | D:10     | Killed a death yak
 10302 | D:10     | Reached skill level 5 in Invocations
 10664 | D:10     | Reached skill level 10 in Fighting
 10795 | D:11     | Found a portal to a secret trove of treasure.
 10805 | D:11     | Reached skill level 12 in Armour
 10909 | D:11     | Found Celistryre's Gadget Emporium.
 10995 | D:11     | Killed an unseen horror
 10998 | D:11     | Noticed a purple ugly thing
 11012 | D:11     | Killed a purple ugly thing
 11128 | D:11     | Reached *** piety under Yredelemnul
 11647 | Lair:1   | Entered Level 1 of the Lair of Beasts
 12160 | Lair:1   | Noticed a seven-headed hydra
 12169 | Lair:1   | Killed a seven-headed hydra
 12560 | Lair:1   | Reached XP level 12. HP: 100/107 MP: 15/15
 12605 | Lair:1   | Got a heavily runed scale mail
 12865 | Lair:2   | Reached skill level 13 in Armour
 13191 | Lair:2   | Found a burning altar of Makhleb.
 13294 | Lair:2   | Received a gift from Yredelemnul (a mummy)
 13321 | Lair:2   | Found a staircase to the Shoals.
 13723 | Lair:3   | Noticed a six-headed hydra
 13738 | Lair:3   | Killed a six-headed hydra
 13889 | Lair:3   | Reached **** piety under Yredelemnul
 13890 | Lair:3   | Received a gift from Yredelemnul (3 flying skulls)
 14132 | Lair:3   | Reached skill level 14 in Armour
 14381 | Lair:3   | Found a snail-covered altar of Cheibriados.
 14625 | Lair:3   | Found a hole to the Spider Nest.
 15536 | Lair:4   | Noticed an eight-headed hydra
 15543 | Lair:4   | Killed an eight-headed hydra
 15936 | Lair:5   | Noticed an eight-headed hydra
 15949 | Lair:5   | Killed an eight-headed hydra
 16582 | D:7      | Upgraded the game from 0.25-a0-589-g1e14c54 to
                  | 0.25-a0-591-g2ad0d86
 16834 | Lair:5   | Noticed Josephine
 16846 | Lair:5   | Killed Josephine
 16852 | Lair:5   | Reached skill level 15 in Armour
 16858 | Lair:5   | Reached XP level 13. HP: 109/117 MP: 17/17
 17440 | Lair:6   | Entered Level 6 of the Lair of Beasts
 17440 | Lair:6   | Found a staircase to the Slime Pits.
 17440 | Lair:6   | Found a runed translucent door.
 17458 | Lair:6   | Noticed Pooter's ghost (journeyman MiBe)
 17458 | Lair:6   | Noticed a dire elephant
 17499 | Lair:6   | Received a gift from Yredelemnul (a mummy)
 17618 | Lair:6   | Received a gift from Yredelemnul (a mummy)
 17643 | Lair:6   | Reached skill level 15 in Long Blades
 17696 | Lair:6   | Found a large runed translucent door.
 17727 | Lair:6   | Found a large runed translucent door.
 17727 | Lair:6   | Noticed a fire dragon
 17755 | Lair:6   | Found a gate leading to a gauntlet.
 17849 | Lair:6   | Reached skill level 1 in Short Blades
 17850 | Lair:6   | Received a gift from Yredelemnul (5 flying skulls)
 17862 | Lair:6   | HP: 4/119 [black mamba (13)]
 17897 | Gauntlet | Entered a Gauntlet
 17897 | Gauntlet | Found a transporter.
 17897 | Gauntlet | Found a transporter.
 17897 | Gauntlet | Found a transporter.
 18148 | Gauntlet | Found a transporter.
 18159 | Gauntlet | Found a transporter.
 18162 | Gauntlet | Found a transporter.
 18167 | Gauntlet | Noticed a death ooze
 18168 | Gauntlet | Found a transporter.
 18170 | Gauntlet | Found a transporter.
 18171 | Gauntlet | Found a transporter.
 18173 | Gauntlet | Found a transporter.
 18181 | Gauntlet | Found a transporter.
 18355 | Gauntlet | Killed a death ooze
 18476 | Gauntlet | Identified the amulet "Hiong" {Harm *Drain Str+4}
 18476 | Gauntlet | Noticed a minotaur
 18690 | Gauntlet | Killed a minotaur
 19709 | Lair:6   | Reached skill level 1 in Dodging
 19887 | Lair:6   | Reached skill level 16 in Armour
 20054 | Lair:6   | Received a gift from Yredelemnul (a vampire)
 20530 | Lair:6   | Killed a dire elephant
 20601 | Lair:6   | Killed Pooter's ghost
 20601 | Lair:6   | Reached XP level 14. HP: 34/129 MP: 18/20
 21032 | Orc:1    | Entered Level 1 of the Orcish Mines
 21522 | Orc:1    | Reached skill level 10 in Invocations
 21747 | Orc:2    | Entered Level 2 of the Orcish Mines
 21884 | Orc:2    | Found Diric's Jewellery Boutique.
 22016 | Orc:2    | Found a staircase to the Elven Halls.
 22253 | Orc:2    | Received a gift from Yredelemnul (a phantasmal warrior)
 22691 | Orc:2    | Received a gift from Yredelemnul (a vampire)
 22701 | Orc:2    | Gained mutation: You are clumsy. (Dex -2) [a neqoxec]
 23229 | Orc:2    | Noticed an orc warlord
 23252 | Orc:2    | Killed an orc warlord
 23252 | Orc:2    | Received a gift from Yredelemnul (5 flying skulls)
 23666 | Orc:2    | Found Pidy's Antique Armour Shop.
 23667 | Orc:2    | Found Kaiff's Antique Weapon Shop.
 23668 | Orc:2    | Found Beyhebb's General Store.
 23668 | Orc:2    | Found Heatineu's Book Boutique.
 23682 | Orc:2    | Bought an ichor-stained cloak for 323 gold pieces
 23692 | Orc:2    | Identified the +0 cloak of Undesirable Species {rF+ rC-
                  | Int+4} (You bought it in a shop on level 2 of the Orcish
                  | Mines)
 23704 | Orc:2    | Bought a slimy falchion for 248 gold pieces
 23704 | Orc:2    | Identified the +4 falchion "Eturess" {vorpal, rPois MR-
                  | MP-9 Int+8} (You bought it in a shop on level 2 of the
                  | Orcish Mines)
 23889 | D:12     | Reached skill level 17 in Armour
 24416 | D:12     | Received a gift from Yredelemnul (a skeletal warrior)
 25071 | D:13     | Found a gate to the Vaults.
 25096 | D:13     | Received a gift from Yredelemnul (a skeletal warrior)
 25260 | D:13     | Noticed Jorgrun
 25274 | D:13     | Killed Jorgrun
 25353 | D:13     | Paralysed by a hornet for 3 turns
 25361 | D:13     | Paralysed by a hornet for 1 turns
 25958 | D:14     | Found Nautaj's Antique Armour Shop.
 26237 | D:14     | Bought a buckler for 148 gold pieces
 26364 | D:14     | Reached XP level 15. HP: 139/139 MP: 20/22
 26500 | D:14     | Received a gift from Yredelemnul (a vampire)
 26578 | D:14     | Found Fonaumabo's Jewellery Shoppe.
 26890 | D:14     | You fall into a shaft and drop 1 floor!
 26890 | D:15     | Entered Level 15 of the Dungeon
 26890 | D:15     | Found a glowing golden altar of the Shining One.
 26891 | D:15     | Found a stormy altar of Qazlal.
 27315 | D:14     | Found Kykyiv's Gadget Shop.
 27635 | D:15     | Found a radiant altar of Vehumet.
 27664 | D:15     | Received a gift from Yredelemnul (a skeletal warrior)
 27833 | D:15     | Reached skill level 5 in Shields
 27859 | D:15     | Found a staircase to the Depths.
 27989 | D:15     | Reached skill level 15 in Fighting
 28008 | D:15     | Reached skill level 18 in Armour
 28127 | D:15     | Noticed a storm dragon
 28152 | D:15     | Killed a storm dragon
 28834 | D:15     | Noticed a sphinx
 28842 | D:15     | Killed a sphinx
 28860 | D:15     | Noticed an acid blob
 28880 | D:15     | Noticed a sphinx
 28882 | D:15     | Noticed an azure jelly
 28882 | D:15     | an azure jelly changed into an iron troll
 28896 | D:15     | Noticed a frost giant
 28896 | D:15     | an alligator snapping turtle changed into a frost giant
 28897 | D:15     | Killed a sphinx
 28901 | D:15     | Killed a frost giant
 30190 | Shoals:1 | Entered Level 1 of the Shoals
 30406 | Shoals:1 | Received a gift from Yredelemnul (a flayed ghost)
 30931 | Shoals:2 | Found a transporter.
 30935 | Shoals:2 | Found a transporter.
 30984 | Shoals:2 | Found a transporter.
 31036 | Shoals:2 | Received a gift from Yredelemnul (a phantasmal warrior)
 31084 | Shoals:2 | Found a transporter.
 31099 | Shoals:2 | Found a transporter.
 31160 | Shoals:2 | Received a gift from Yredelemnul (a skeletal warrior)
 31412 | Shoals:2 | Reached XP level 16. HP: 149/149 MP: 21/24
 32790 | Shoals:4 | Entered Level 4 of the Shoals
 33018 | Orc:2    | Bought an uncursed ring of poison resistance for 260 gold
                  | pieces
 33146 | Spider:1 | Entered Level 1 of the Spider Nest
 33192 | Lair:3   | HP: 5/150 [demonic crawler (4)]
 33198 | Lair:3   | HP: 4/150 [poisoned by a wolf spider]
 33204 | Lair:3   | HP: 4/150 [poisoned by a wolf spider]
 33212 | Lair:3   | HP: 5/150 [poisoned by a wolf spider]
 33847 | Shoals:4 | Received a gift from Yredelemnul (a vampire knight)
 34075 | Shoals:4 | Received a gift from Yredelemnul (a ghoul)
 34815 | Shoals:4 | Reached skill level 19 in Armour
 34840 | Shoals:4 | HP: 4/151 [drowned by a drowned soul[a merfolk avatar]
                  | (16)]
 34849 | Shoals:4 | Drowned by a drowned soul

Levels and vault maps discovered:
D:1:      heliophobic_arrival_battle_scene, layout_rooms
D:2:      layout_loops_ring, cheibrodos_gnoll_hut
D:3:      minmay_chambers_of_twos, layout_basic, gammafunk_ghost_nasty_kobolds,
          chequers_ecumenical_altar_lobes, uniq_robin
D:4:      layout_loops_ring, overflow_temple_1_default, nicolae_ru_awakened_eye,
          first_ration, uniq_natasha, uniq_duvessa, uniq_blork_the_orc,
          uniq_crazy_yiuf_cottage
D:5:      layout_loops_ring, hangedman_decor_growths
D:6:      kennysheep_big_flooded_room, layout_cave_pools, old_standard_altar,
          minmay_temple_entry_butterflies, uniq_eustachio
D:7:      layout_basic, sword_in_stone, uniq_pikel
D:8:      layout_basic, nicolae_gozag_zags_fifth_avenue
D:9:      layout_irregular_city, orc_0_dummy, hangedman_fish_farm, uniq_maggie
D:10:     layout_basic, dpeg_lair_monsters, fedhas_altar_4
D:11:     layout_loops_ring, serial_shops, shop, enter_trove_2, st_stairs_8
D:12:     layout_stronghold
D:13:     layout_irregular_city, erik_vaults_2, uniq_jorgrun
D:14:     layout_gridville, serial_shops, shop, kennysheep_mini_moat, shop
D:15:     hangedman_slaughterboxes, serial_shops
Temple:   hc_temple_tempest_star
Lair:1:   layout_roguey
Lair:2:   layout_loops_ring, elwin_shoals_entry_rocks, basic_altar,
          minmay_lair_oklob_chamber
Lair:3:   layout_chaotic_city, dummy_spider_entry, kennysheep_snail_temple
Lair:4:   layout_cave_pods
Lair:5:   layout_regular_city, uniq_josephine
Lair:6:   cheibrodos_lair_end_hotspot, layout_cave_pods, slime_dummy,
          gauntlet_entry_generic, special_room [special_room_mythical_zoo],
          ebering_ghost_inner_flame
Shoals:1: layout_shoals
Shoals:2: gammafunk_the_bubble [the_bubble_gammafunk_roulette], layout_shoals
Shoals:3: layout_shoals
Shoals:4: shoals_end_hangedman, layout_shoals
Spider:1: layout_spider_delve, nicolae_spider_circle_web,
          nicolae_looking_at_the_future
Orc:1:    layout_caves
Orc:2:    st_orc_congregation, layout_caves, serial_shops, shop

Skill      XL: |  1  2  3  4  5  6  7  8  9 10 11 12 13 14 15 16 |
---------------+-------------------------------------------------+-----
Fighting       | 4 5 6 7 8 9 10 12 13 14 15 | 15.9
Armour         | 4 5 6 8 10 11 12 15 16 17 18 19 | 19.0
Shields        | 4 6 8 |  8.5
Long Blades    | 3 4 5 6 8 10 11 13 14 15 16 | 16.8
Invocations    | 2 4 6 7 9 11 12 13 | 13.5
Short Blades   | 1 |  1.3
Dodging        | 1 2 3 |  3.1

Action                   |  1- 3 |  4- 6 |  7- 9 | 10-12 | 13-15 | 16-18 || total
-------------------------+-------+-------+-------+-------+-------+-------++-------
Melee: Long sword        |    71 |   181 |   150 |       |       |       ||   402
       Headbutt          |    14 |    27 |    74 |   224 |   443 |    76 ||   858
       Falchion          |       |       |   217 |   741 |  1359 |   251 ||  2568
       Dagger            |       |       |       |    43 |    57 |       ||   100
       Scimitar          |       |       |       |       |    11 |       ||    11
Invok: Animate Remains   |       |       |       |    33 |       |       ||    33
       Animate Dead      |       |       |       |    24 |    75 |    14 ||   113
       Recall Undead Sla |       |       |       |     4 |    29 |    13 ||    46
       Drain Life        |       |       |       |       |    33 |     7 ||    40
       Injury Mirror     |       |       |       |       |     2 |       ||     2
Evoke: Wand              |       |       |       |     4 |       |       ||     4
  Use: Scroll            |     2 |     7 |     5 |     6 |    12 |     7 ||    39
       Potion            |       |       |       |     1 |    12 |     6 ||    19
 Stab: Distracted        |       |       |       |     5 |    21 |     6 ||    32
       Invisible         |       |       |       |       |     1 |       ||     1
       Petrified         |       |       |       |       |     1 |       ||     1
       Paralysed         |       |       |       |       |       |     2 ||     2
  Eat: Chunk             |       |     7 |    27 |    57 |    90 |    18 ||   199
Armor: Scale mail        |    35 |    11 |       |       |       |       ||    46
       Chain mail        |       |    26 |       |       |       |       ||    26
       Plate armour      |       |    75 |   256 |   459 |   949 |       ||  1739
       Storm dragon scal |       |       |       |       |   165 |   261 ||   426
Dodge: Dodged            |    43 |    77 |   162 |   218 |   607 |   253 ||  1360
Block: Buckler           |       |       |       |       |   133 |   143 ||   276
       Reflection        |       |       |       |       |     4 |    16 ||    20
       Rpst.: Long sword |     9 |    23 |    13 |       |       |       ||    45
       Falchion          |       |       |    31 |    44 |   129 |    44 ||   248
       Scimitar          |       |       |       |       |     2 |       ||     2

Table legend:
 A = Non-vault XP
 B = Vault XP
 C = Vault XP percentage of total XP
 D = Non-vault monster count
 E = Vault monster count
 F = Vault count percentage of total count
                 A         B        C        D         E       F
            +---------+---------+-------+---------+---------+-------
      Total |   92912 |   93180 |  50.1 |     604 |     316 |  34.3
            +---------+---------+-------+---------+---------+-------
        D:1 |      53 |       0 |   0.0 |      28 |       0 |   0.0
        D:2 |     101 |      19 |  15.8 |      18 |       3 |  14.3
        D:3 |      96 |     519 |  84.4 |      25 |      29 |  53.7
        D:4 |     229 |     388 |  62.9 |      13 |       5 |  27.8
        D:5 |     717 |       0 |   0.0 |      19 |       0 |   0.0
        D:6 |     940 |     407 |  30.2 |      26 |       3 |  10.3
        D:7 |     726 |    1011 |  58.2 |      11 |       5 |  31.2
        D:8 |     249 |       0 |   0.0 |       5 |       0 |   0.0
        D:9 |    1412 |    1491 |  51.4 |      30 |       3 |   9.1
       D:10 |    3851 |    1612 |  29.5 |      30 |      11 |  26.8
       D:11 |    5050 |      40 |   0.8 |      21 |       1 |   4.5
       D:12 |    4068 |       0 |   0.0 |      26 |       0 |   0.0
       D:13 |    3903 |    8233 |  67.8 |      17 |       9 |  34.6
       D:14 |    8353 |    1542 |  15.6 |      33 |       3 |   8.3
       D:15 |       0 |   31722 | 100.0 |       0 |      84 | 100.0
     Lair:1 |    3552 |       0 |   0.0 |      14 |       0 |   0.0
     Lair:2 |    2717 |     279 |   9.3 |      19 |       1 |   5.0
     Lair:3 |    5800 |    1124 |  16.2 |      28 |       3 |   9.7
     Lair:4 |    2384 |       0 |   0.0 |       8 |       0 |   0.0
     Lair:5 |    2708 |    1360 |  33.4 |      17 |       5 |  22.7
     Lair:6 |    8031 |   15441 |  65.8 |      35 |      52 |  59.8
   Shoals:1 |    2099 |       0 |   0.0 |       7 |       0 |   0.0
   Shoals:2 |    4396 |    7365 |  62.6 |      14 |      18 |  56.2
   Shoals:3 |   14768 |    1311 |   8.2 |      44 |       3 |   6.4
   Shoals:4 |    8917 |    6726 |  43.0 |      27 |      14 |  34.1
   Spider:1 |     644 |       0 |   0.0 |       3 |       0 |   0.0
      Orc:1 |    2426 |       0 |   0.0 |      42 |       0 |   0.0
      Orc:2 |    4722 |    9534 |  66.9 |      44 |      57 |  56.4
   Gauntlet |       0 |    3056 | 100.0 |       0 |       7 | 100.0
            +---------+---------+-------+---------+---------+-------
